 Dungeon Crawl Stone Soup version 0.28.0-53-g5a82cb258f (webtiles) character file.

Game seed: 6090608118331698903

64 LynnLen the Sneak (level 3, -2/26 HPs)
             Began as a Vampire Enchanter on Aug 21, 2022.
             Slain by a river rat (4 damage)
             ... on level 3 of the Dungeon.
             The game lasted 00:08:19 (1537 turns).

LynnLen the Sneak (Vampire Enchanter)               Turns: 1537, Time: 00:08:20

Health: -2/26      AC:  3    Str:  7    XL:     3   Next: 91%
Magic:  3/6        EV: 12    Int: 19    God:
Gold:   27         SH:  0    Dex: 14    Spells: 2/7 levels left

rFire   . . .      SeeInvis +   a - +1 dagger
rCold   . . .      Faith    .   (no shield)
rNeg    . . .      Spirit   .   b - +0 robe
rPois   .          Reflect  .   (no helmet)
rElec   .          Harm     .   (no cloak)
rCorr   .          Rampage  .   i - +0 pair of gloves
Will    .....                   (no boots)
Stlth   +++.......              (no amulet)
HPRegen 0.28/turn               (no ring)
MPRegen 0.10/turn               (no ring)

@: healing quickly
A: alive, fangs 3, see invisible, vampiric 2
a: Exsanguinate


You were on level 3 of the Dungeon.
You visited 1 branch of the dungeon, and saw 3 of its levels.

You collected 123 gold pieces.
You spent 96 gold pieces at shops.

Inventory:

Hand Weapons
 a - a +1 dagger (weapon)
Missiles
 m - 4 poisoned darts
Armour
 b - a +0 robe (worn)
 g - a +0 leather armour
 i - a +0 pair of gloves (worn)
Scrolls
 d - a scroll of teleportation
 e - a scroll of summoning
 f - 3 scrolls of vulnerability
 k - a scroll of blinking
 n - 2 scrolls of identify
Potions
 c - a potion of invisibility
 h - a potion of attraction
 j - a potion of resistance {unknown}
 l - a potion of cancellation {unknown}


   Skills:
 + Level 1.3 Fighting
 + Level 2.3 Short Blades
 - Level 2.1 Dodging
 + Level 5.3 Stealth
 + Level 2.5 Spellcasting
 - Level 4.4 Hexes


You had 2 spell levels left.
You knew the following spells:

 Your Spells              Type           Power      Damage    Failure   Level
a - Ensorcelled Hibernat  Hex/Ice        20%        N/A       10%         2
b - Confusing Touch       Hex            19%        N/A       8%          3

Your spell library contained the following spells:

 Spells                   Type           Power      Damage    Failure   Level
 Tukima's Dance           Hex            19%        N/A       8%          3
 Dazzling Flash           Conj/Hex       20%        N/A       19%         3
 Summon Guardian Golem    Hex/Summ       10%        N/A       19%         3
 Orb of Destruction       Conj           1%         9d5       100%        7
 Spellforged Servitor     Conj/Summ      1%         N/A       100%        7


Dungeon Overview and Level Annotations

Branches:
Dungeon (3/15)

Altars:

Shops:
D:2 ?


Innate Abilities, Weirdness & Mutations

Your natural rate of healing is accelerated.
You have razor-sharp teeth.
You have supernaturally acute eyesight. (SInv)
You are afflicted with vampirism and can become a bat while bloodless.


Message History

The river rat bites you.
You barely miss the river rat.
The river rat is lightly wounded.
The river rat closely misses you.
You hit the river rat but do no damage.
The river rat is lightly wounded.
The river rat barely misses you.
You hit the river rat.
The river rat is moderately wounded.
You hit the river rat but do no damage.
The river rat is moderately wounded.
The river rat closely misses you.
You closely miss the river rat.
The river rat is moderately wounded.
The river rat bites you but does no damage.
You closely miss the river rat. Your bite misses the river rat.
The river rat is moderately wounded.
The river rat barely misses you.
You hit the river rat but do no damage.
The river rat is moderately wounded.
The river rat bites you.
You hit the river rat but do no damage.
The river rat is moderately wounded.
The river rat bites you.
You completely miss the river rat.
The river rat is moderately wounded.
The river rat bites you!
You hit the river rat but do no damage. You punch the river rat.
The river rat is moderately wounded.
The river rat bites you!
* * * LOW HITPOINT WARNING * * *
You closely miss the river rat.
The river rat is moderately wounded.
You barely miss the river rat.
The river rat is moderately wounded.
The river rat barely misses you.
You hit the river rat but do no damage.
The river rat is moderately wounded.
The river rat bites you.
You die...

#...≈≈≈r≈#
#...≈≈≈≈≈#
#.....††≈#
#........#
#####.##.#
#....#
####B# #r#
#@# #.#
#.# #.#
#.# #.#
#.# #.#
#.#


You could see a river rat and a giant cockroach.

Vanquished Creatures
  2 adders
  A worm (D:3)
  3 bats
  8 endoplasms
  2 goblins (D:1)
  2 hobgoblins (D:1)
  2 jackals (D:2)
  3 quokkas (D:1)
  5 ball pythons
  5 frilled lizards (D:2)
  4 kobolds
  5 rats
42 creatures vanquished.

Notes
Turn   | Place    | Note
-------+----------+-------------------------------------------
     0 | D:1      | LynnLen the Vampire Enchanter began the quest for the Orb.
     0 | D:1      | Reached XP level 1. HP: 13/13 MP: 3/3
   463 | D:1      | Reached XP level 2. HP: 20/20 MP: 5/5
   466 | D:1      | Learned a level 2 spell: Ensorcelled Hibernation
   889 | D:2      | Reached skill level 1 in Fighting
   889 | D:2      | Reached skill level 5 in Stealth
   969 | D:2      | Gained mutation: You are afflicted with vampirism and can
                  | become a bat while bloodless. [Vampire growth]
   969 | D:2      | Reached XP level 3. HP: 23/26 MP: 6/6
   973 | D:2      | Learned a level 3 spell: Confusing Touch
  1022 | D:2      | Found a faded altar of an unknown god.
  1044 | D:2      | Found Utefit's Magic Scroll Shoppe.
  1055 | D:2      | Bought a scroll of identify for 24 gold pieces
  1055 | D:2      | Bought 3 scrolls of identify for 72 gold pieces
  1537 | D:3      | Slain by a river rat

Illustrated notes

Levels and vault maps discovered:
D:1:      minmay_arrival_three_doors, layout_loops_cross, minmay_pentomino_x4
D:2:      layout_rooms, serial_shops, nicolae_square_shop,
          ebering_ecumenical_altar_webs
D:3:      layout_basic, gammafunk_temple_overflow_statue, slow_altar_2,
          portal_sewer_entry_e

Skill      XL: |  1  2  3 |
---------------+----------+-----
Fighting       | 1 |  1.3
Stealth        | 5 |  5.3
Short Blades   | 2 |  2.3
Dodging        | |  2.1
Spellcasting   | |  2.5
Hexes          | |  4.4

Action                   || total
-------------------------++-------
Melee: Dagger            ||   172
       Bite              ||    11
       Punch             ||     3
 Cast: Ensorcelled Hiber ||     4
  Use: Scroll            ||     6
 Stab: Sleeping          ||    12
Armor: Robe              ||    34
Dodge: Dodged            ||    89
